[Event "WYCC U18 Open 2019"]
[Site "Mumbai"]
[Date "2019.10.05"]
[Round "5.1"]
[White "Praggnanandhaa R"]
[Black "Arjun Kalyan"]
[Result "*"]
[ECO "C50"]
[WhiteElo "2567"]
[BlackElo "2483"]
[Annotator "ChessBase"]
[PlyCount "36"]
[EventDate "2019.10.02"]
[EventType "swiss"]
[EventCountry "IND"]
[SourceTitle "playchess.com"]
[Source "ChessBase"]
[SourceQuality "1"]
[TimeControl "40/5400+30:1800+30"]

1. e4 e5 2. Nf3 Nc6 3. Bc4 Nf6 4. d3 Bc5 5. O-O d6 6. c3 a6 7. a4 Ba7 8. Re1 O-O 9. h3 Ne7 10. Nbd2 Ng6 11. d4 c6 12. Ba2 h6 13. Bb1 Re8 14. Nf1 Be6 15. Ng3 Qc7 16. Be3 Kh7 17. Qd2 Rad8 18. Bd3 a5 *

[Event "WYCC U18 Open 2019"]
[Site "Mumbai"]
[Date "2019.10.05"]
[Round "5.10"]
[White "Rahul Srivatshav P"]
[Black "Chylewski, Patryk"]
[Result "*"]
[ECO "A40"]
[WhiteElo "2460"]
[BlackElo "2348"]
[Annotator "ChessBase"]
[PlyCount "31"]
[EventDate "2019.10.02"]
[EventType "swiss"]
[EventCountry "IND"]
[SourceTitle "playchess.com"]
[Source "ChessBase"]
[SourceQuality "1"]
[TimeControl "40/5400+30:1800+30"]

1. d4 Nf6 2. c4 e6 3. g3 d5 4. Nf3 Bb4+ 5. Bd2 Be7 6. Bg2 c6 7. Qc2 b6 8. O-O Bb7 9. Nc3 dxc4 10. e4 Nbd7 11. Rfd1 O-O 12. Bf4 b5 13. h3 Nb6 14. Ne2 Nfd7 15. h4 h6 16. Nh2 *

[Event "WYCC U18 Open 2019"]
[Site "Mumbai"]
[Date "2019.10.05"]
[Round "5.12"]
[White "Srijit Paul"]
[Black "Mendonca, Leon Luke"]
[Result "*"]
[ECO "B92"]
[WhiteElo "2317"]
[BlackElo "2388"]
[Annotator "ChessBase"]
[PlyCount "31"]
[EventDate "2019.10.02"]
[EventType "swiss"]
[EventCountry "IND"]
[SourceTitle "playchess.com"]
[Source "ChessBase"]
[SourceQuality "1"]
[TimeControl "40/5400+30:1800+30"]

1. e4 c5 2. Nf3 d6 3. d4 cxd4 4. Nxd4 Nf6 5. Nc3 a6 6. Be2 e5 7. Nb3 Be7 8. g4 h6 9. Be3 Be6 10. Bf3 Nbd7 11. h4 Nb6 12. Nd2 Rc8 13. a3 g6 14. Qe2 Nfd7 15. Qd3 Nc5 16. Bxc5 *

[Event "WYCC U18 Open 2019"]
[Site "Mumbai"]
[Date "2019.10.05"]
[Round "5.14"]
[White "Vatsal Singhania"]
[Black "Stoleriu, George"]
[Result "*"]
[ECO "C04"]
[WhiteElo "2157"]
[BlackElo "2351"]
[Annotator "ChessBase"]
[PlyCount "42"]
[EventDate "2019.10.02"]
[EventType "swiss"]
[EventCountry "IND"]
[SourceTitle "playchess.com"]
[Source "ChessBase"]
[SourceQuality "1"]
[TimeControl "40/5400+30:1800+30"]

1. e4 e6 2. d4 d5 3. Nd2 Nc6 4. Ngf3 Nf6 5. e5 Nd7 6. Nb3 Be7 7. Bb5 a5 8. a4 Na7 9. Be2 b6 10. O-O O-O 11. Bf4 c5 12. c3 Nc6 13. Bb5 Na7 14. Be2 Nc6 15. Bb5 Na7 16. c4 Bb7 17. Rc1 dxc4 18. Bxc4 cxd4 19. Nfxd4 Nc5 20. Qg4 Kh8 21. Rfd1 Qe8 *

[Event "WYCC U18 Open 2019"]
[Site "Mumbai"]
[Date "2019.10.05"]
[Round "5.15"]
[White "Gaurav, Rajesh Zagade"]
[Black "Blohberger, Felix"]
[Result "0-1"]
[ECO "A40"]
[WhiteElo "2053"]
[BlackElo "2448"]
[Annotator "RC"]
[PlyCount "112"]
[EventDate "2019.10.02"]
[EventType "swiss"]
[EventCountry "IND"]
[SourceTitle "playchess.com"]
[Source "ChessBase"]
[SourceQuality "1"]
[TimeControl "40/5400+30:1800+30"]

1. d4 Nf6 2. c4 e6 3. g3 Bb4+ 4. Bd2 Be7 5. Bg2 d5 6. Nf3 Ne4 7. Qc2 c6 8. O-O Nd7 9. Rd1 f5 10. Be1 g5 11. Nbd2 g4 12. Ne5 Nxe5 13. dxe5 Qb6 14. Rac1 Bd7 15. Nb3 h5 16. Bxe4 fxe4 17. Bd2 Qa6 18. Be3 b6 19. f3 Qxc4 20. Qxc4 dxc4 21. Rxc4 exf3 22. exf3 gxf3 23. Nd4 c5 24. Nxf3 Bc6 25. Ng5 Bd5 26. Rc3 h4 27. Bf4 hxg3 28. Rxg3 Rh4 29. Bc1 Kd7 30. Nf3 Rh5 31. b3 Kc6 32. Bb2 Rah8 33. Rd2 Rf8 34. Rd3 a5 35. Ba1 b5 36. Bb2 b4 37. a3 Rfh8 38. axb4 axb4 39. h3 Be4 40. Re3 Bf5 41. h4 Bxh4 42. Nxh4 Rxh4 43. Rg2 Rh3 44. Rge2 Rxe3 45. Rxe3 Rh3 46. Rxh3 Bxh3 47. Kf2 Bf5 48. Ke3 Bc2 49. Kd2 Bxb3 50. Kc1 Kd5 51. Kb1 c4 52. Bc1 c3 53. Bf4 Ba4 54. Bh2 b3 55. Ka1 Bb5 56. Bf4 b2+ 0-1

[Event "WYCC U18 Open 2019"]
[Site "Mumbai"]
[Date "2019.10.05"]
[Round "5.15"]
[White "Gaurav Rajesh Zagade"]
[Black "Blohberger, Felix"]
[Result "*"]
[ECO "A40"]
[WhiteElo "2053"]
[BlackElo "2448"]
[Annotator "ChessBase"]
[PlyCount "35"]
[EventDate "2019.10.02"]
[EventType "swiss"]
[EventCountry "IND"]
[SourceTitle "playchess.com"]
[Source "ChessBase"]
[SourceQuality "1"]
[TimeControl "40/5400+30:1800+30"]

1. d4 Nf6 2. c4 e6 3. g3 Bb4+ 4. Bd2 Be7 5. Bg2 d5 6. Nf3 Ne4 7. Qc2 c6 8. O-O Nd7 9. Rd1 f5 10. Be1 g5 11. Nbd2 g4 12. Ne5 Nxe5 13. dxe5 Qb6 14. Rac1 Bd7 15. Nb3 h5 16. Bxe4 fxe4 17. Bd2 Qa6 18. Be3 *

[Event "WYCC U18 Open 2019"]
[Site "Mumbai"]
[Date "2019.10.05"]
[Round "5.16"]
[White "Kizatbay, Abyl"]
[Black "Manu David Suthandram R"]
[Result "*"]
[ECO "B30"]
[WhiteElo "2160"]
[BlackElo "2403"]
[Annotator "ChessBase"]
[PlyCount "29"]
[EventDate "2019.10.02"]
[EventType "swiss"]
[EventCountry "IND"]
[SourceTitle "playchess.com"]
[Source "ChessBase"]
[SourceQuality "1"]
[TimeControl "40/5400+30:1800+30"]

1. e4 c5 2. Nf3 Nc6 3. Bb5 e6 4. O-O Nge7 5. Re1 a6 6. Bf1 g6 7. c3 Bg7 8. d4 cxd4 9. cxd4 d6 10. Nc3 O-O 11. Bg5 h6 12. Be3 d5 13. e5 Nf5 14. h3 Bd7 15. Bc1 *